 Dungeon Crawl Stone Soup version 0.19.5 (webtiles) character file.

179814 ponchio the Scorcher (level 17, -11/96 HPs)
             Began as a Deep Elf Conjurer on Nov 23, 2017.
             Was the Champion of Vehumet.
             Mangled by a vampire knight
             ... wielding a +2 long sword of slicing
              (14 damage)
             ... while paralysed by a vampire knight
             ... on level 1 of the Depths on Nov 25, 2017.
             The game lasted 06:36:50 (44041 turns).

ponchio the Scorcher (Deep Elf Conjurer)           Turns: 44041, Time: 06:36:56

Health: -11/96     AC: 13    Str:  7    XL:     17   Next: 62%
Magic:  37/39      EV:  2    Int: 31    God:    Vehumet [******]
Gold:   1567       SH:  0    Dex: 15    Spells: 10 memorised, 5 levels left

rFire  . . .     SeeInvis .     E - staff of conjuration
rCold  . . .     Gourm    .     Q - +1 robe {Archmagi}
rNeg   . . .     Faith    .     (no shield)
rPois  .         Spirit   .     z - +2 hat
rElec  .         Reflect  .     v - +1 cloak
rCorr  .         Harm     +     F - +2 pair of gloves
MR     +....                    p - +2 pair of boots
Stlth  ++........               Z - amulet of harm
                                D - ring of Shaolin {EV+8}
                                X - +3 ring of intelligence

@: paralysed, deflect missiles
A: hooves 1, strong 1
a: Renounce Religion


You were on level 1 of the Depths.
You worshipped Vehumet.
Vehumet was exalted by your worship.
You were not hungry.

You visited 4 branches of the dungeon, and saw 25 of its levels.
You visited 1 bazaar.
You also visited: Labyrinth, Sewer, Ice Cave and Volcano.

You collected 2871 gold pieces.
You spent 1304 gold pieces at shops.

Inventory:

Missiles
 x - 7 tomahawks of dispersal (quivered)
Armour
 p - a +2 pair of boots (worn)
 v - a +1 cloak (worn)
 z - a +2 hat (worn)
 F - a +2 pair of gloves (worn)
 Q - a +1 robe of the Archmagi (worn)
 R - a +0 robe of fire resistance
Magical Staves
 E - an uncursed staff of conjuration (weapon)
Jewellery
 e - an uncursed ring of flight
 s - an uncursed ring of protection from cold
 y - an uncursed ring of protection from fire
 D - the ring of Shaolin (right hand) {EV+8}
   (You found it on level 9 of the Dungeon)

   [ring of evasion]

   It affects your evasion (+8).
 N - an uncursed ring of positive energy
 X - a +3 ring of intelligence (left hand)
 Y - an uncursed ring of poison resistance
 Z - an amulet of harm (around neck)
Wands
 b - a wand of disintegration (9/24)
 l - a wand of acid (6/15)
 L - a wand of digging (4/24)
Scrolls
 d - 6 scrolls of identify
 h - a scroll of recharging
 k - 12 scrolls of remove curse
 m - 2 scrolls of fog
 t - 2 scrolls of teleportation
 G - a scroll of blinking
 O - a scroll of magic mapping
Potions
 a - a potion of brilliance
 f - 3 potions of invisibility
 j - 7 potions of heal wounds
 n - 4 potions of magic
 q - a potion of agility
 r - 11 potions of curing
 w - 3 potions of flight
 C - 2 potions of haste
 H - 2 potions of cancellation
 I - a potion of ambrosia
 T - 5 potions of resistance
Miscellaneous
 B - a fan of gales
Comestibles
 c - 6 bread rations
 g - 2 chunks of flesh
 o - 12 meat rations


   Skills:
 - Level 7.5 Fighting
 - Level 13.0 Dodging
 - Level 2.4 Stealth
 + Level 16.9 Spellcasting
 + Level 16.5 Conjurations
 - Level 10.6 Charms
 + Level 17.5 Fire Magic
 - Level 3.5 Air Magic
 - Level 5.0 Earth Magic


You had 5 spell levels left.
You knew the following spells:

 Your Spells              Type           Power        Failure   Level  Hunger
a - Magic Dart            Conj           ####         0%          1    None
b - Dazzling Spray        Conj/Hex       ######       1%          3    None
c - Iskenderun's Battles  Conj/Chrm      ########     1%          5    None
d - Regeneration          Chrm/Necr      ######....   1%          3    None
e - Mephitic Cloud        Conj/Pois/Air  ########     1%          3    None
f - Iron Shot             Conj/Erth      ########..   1%          6    ##.....
g - Fireball              Conj/Fire      ########..   1%          5    None
h - Freezing Cloud        Conj/Ice/Air   ########..   5%          6    ##.....
i - Bolt of Cold          Conj/Ice       ########..   3%          6    ##.....
j - Deflect Missiles      Chrm/Air       #######...   17%         6    ##.....


Dungeon Overview and Level Annotations

Branches:
Dungeon (15/15)            Temple (0/1) D:6            Lair (6/6) D:10
  Swamp (0/4) Lair:2       Spider (0/4) Lair:4        Slime (0/5) Lair:6
    Orc (2/2) D:12            Elf (0/3) Orc:2        Vaults (0/5) D:13
 Depths (2/5) D:15

Altars:
Ashenzari
Dithmenos
Elyvilon
Fedhas
Gozag
Kikubaaqudgha
Makhleb
Okawaru
Qazlal
Ru
Trog
Vehumet
Xom
Beogh

Shops:
D:6 :   D:10 (   D:12 *}?!   Orc:2 ([*:


Innate Abilities, Weirdness & Mutations

You have large cloven feet.
Your muscles are strong. (Str +2)


Message History

Confirm with . or Enter, or press ? or * to list all spells.
You feel a strong surge of power!
You conjure a globe of magical energy.
A vampire knight comes into view. It is wielding a long sword of slicing.
The vampire knight shouts!
The vampire knight gestures at you while chanting.
You suddenly lose the ability to move!
The vampire knight casts a spell.
The vampire knight seems to speed up.
The vampire knight points at you and mumbles some strange words.
You shrug off the repeated paralysis!
The vampire knight blinks!
The vampire knight hits you with a long sword of slicing!!
The vampire knight bites you but does no damage.
The vampire knight hits you with a long sword of slicing!!
* * * LOW HITPOINT WARNING * * *
x2 The vampire knight bites you!
* * * LOW HITPOINT WARNING * * *
The vampire knight draws strength from your injuries!
The vampire knight hits you with a long sword of slicing!
You die...

##..# #..>#
#.### #.# #.#
#.# #.# #*# #@#
.......V.......
####...........
#.!.#######+
#... ###. .. ..


You could see a vampire knight and a friendly battlesphere.

Vanquished Creatures
  Gastronok (Lair:2)
  Kirke (D:12)
  Donald (Orc:1)
  A frost giant (IceCv)
  An orc warlord (Orc:2)
  5 very ugly things (Depths:2)
  A stone giant (Orc:1)
  6 dire elephants (Lair:6)
  An ettin (Depths:2)
  Josephine (D:11)
  4 vault guards (D:13)
  A great orb of eyes (Depths:2)
  A minotaur (Lab)
  A fire dragon (Volcano)
  An anaconda (Lair:6)
  An ice dragon (shapeshifter) (D:14)
  3 hydras
  The ghost of Xiguana the Grappler, a journeyman VSWz of Cheibriados (Lair:1)
  Erica (Lair:2)
  A catoblepas (Lair:6)
  2 centaur warriors
  4 tengu warriors
  3 titan zombies (Orc:1)
  Urug (D:10)
  4 orc high priests (Orc:2)
  The ghost of tidbits the Carver, a novice HESk of Okawaru (D:11)
  16 skeletal warriors
  2 unseen horrors
  2 wizards
  A necromancer (D:15)
  5 orc knights
  19 hill giants
  An oklob plant (D:7)
  A wolf spider zombie (D:13)
  2 deep elf magi (D:15)
  16 ugly things
  3 cyclopes
  4 manticores
  9 orc sorcerers
  A stone giant zombie (Orc:1)
  8 elephants
  3 salamanders (Volcano)
  An ice statue (IceCv)
  Maurice (D:11)
  Psyche (D:10)
  9 centaur zombies
  6 black mambas
  A naga mage (D:15)
  A gargoyle (D:11)
  A torpor snail (Lair:6)
  6 spiny frogs
  3 kobold demonologists
  6 komodo dragons
  A redback zombie (D:13)
  2 efreet (D:14)
  3 rime drakes
  5 yaktaurs (Depths:1)
  A minotaur zombie (Lab)
  16 polar bears (IceCv)
  9 trolls
  Grinder (D:3)
  Prince Ribbit (D:7)
  5 two-headed ogres
  12 blink frogs
  12 hippogriffs
  10 dream sheep
  3 meliai zombies
  A centaur simulacrum (D:15)
  4 redbacks
  A vampire (D:12)
  The ghost of Xiguana the Magician, an amateur VSWz (D:4)
  2 shadows
  Sigmund (D:2)
  2 water elementals (D:14)
  11 wyverns
  5 wraiths
  48 yaks
  Eustachio (D:5)
  8 basilisks
  3 fire bats (Volcano)
  3 hogs (D:12)
  2 hungry ghosts
  A steam dragon (Volcano)
  5 vampire mosquitoes
  6 wargs
  A mottled dragon (D:12)
  4 swamp worms (Lair:2)
  14 water moccasins
  Duvessa (D:6)
  7 porcupines
  44 orc warriors
  2 phantoms
  5 ice beasts
  6 sky beasts
  A hornet zombie (D:13)
  A black bear (Lair:1)
  An eye of draining (D:13)
  22 ogres
  2 necrophages
  15 wolves
  20 centaurs
  16 crocodiles
  8 big kobolds
  20 bullfrogs
  Blork the orc (D:5)
  3 wyvern zombies
  4 gnoll sergeants
  3 scorpions
  Dowan (D:6)
  A troll skeleton (Lab)
  23 wights
  A howler monkey (D:8)
  3 electric eels (Lair:2)
  6 crimson imps
  4 bullfrog zombies
  2 hounds
  9 jellies
  37 orc priests
  Crazy Yiuf (D:2)
  6 bullfrog skeletons
  7 centaur skeletons
  4 iguanas
  38 orc wizards
  Natasha (thrice) (D:3)
  10 worker ants
  2 hound skeletons
  A hound zombie (D:6)
  4 mummies (D:13)
  A howler monkey zombie (D:11)
  A worker ant zombie (D:6)
  23 gnolls
  18 adders
  3 river rats
  5 shadow imps
  12 white imps (Lair:4)
  9 oozes
  An adder skeleton (D:6)
  6 worms
  6 dart slugs
  A leopard gecko (D:5)
  123 orcs
  13 bats
  4 giant cockroaches
  19 goblins
  5 hobgoblins
  21 jackals
  35 kobolds
  8 quokkas
  4 ball pythons
  5 frilled lizards
  A jackal zombie (D:8)
  17 rats
  A bush (Lair:6)
  2 fungi (Lair:6)
  12 plants
  A withered plant (D:13)
1085 creatures vanquished.

Vanquished Creatures (others)
  5 yaks (Lair:6)
  17 fungi
  33 plants
55 creatures vanquished.

Grand Total: 1140 creatures vanquished

Notes
Turn   | Place    | Note
-------+----------+-------------------------------------------
     0 | D:1      | ponchio the Deep Elf Conjurer began the quest for the Orb.
     0 | D:1      | Reached XP level 1. HP: 10/10 MP: 6/6
   117 | D:1      | Reached XP level 2. HP: 3/15 MP: 0/9
   936 | D:1      | Reached XP level 3. HP: 19/19 MP: 7/11
  1578 | D:1      | Reached skill level 5 in Spellcasting
  1924 | D:2      | Noticed Sigmund
  2076 | D:2      | Learned a level 3 spell: Dazzling Spray
  2317 | D:2      | Found a runed door.
  2357 | D:2      | Reached XP level 4. HP: 16/24 MP: 4/13
  3851 | D:2      | Killed Sigmund
  3851 | D:2      | Reached XP level 5. HP: 12/28 MP: 0/17
  4352 | D:2      | Noticed Crazy Yiuf
  4356 | D:2      | Killed Crazy Yiuf
  4356 | D:2      | Reached XP level 6. HP: 32/32 MP: 5/19
  4975 | D:3      | Found a glowing drain.
  5037 | Sewer    | Entered a sewer
  5925 | Sewer    | Reached skill level 10 in Spellcasting
  5932 | Sewer    | Learned a level 5 spell: Iskenderun's Battlesphere
  6035 | Sewer    | Reached XP level 7. HP: 32/36 MP: 8/22
  6204 | D:3      | Noticed Natasha
  6211 | D:3      | Killed Natasha
  6341 | D:3      | Noticed Grinder
  6361 | D:3      | Paralysed by Grinder for 7 turns
  6366 | D:3      | Noticed Natasha
  6374 | D:3      | Paralysed by Grinder for 2 turns
  6457 | D:3      | Found a blossoming altar of Fedhas.
  6460 | D:3      | Found a sacrificial altar of Ru.
  6464 | D:3      | Found a radiant altar of Vehumet.
  6465 | D:3      | Found a shimmering altar of Xom.
  6466 | D:3      | Found a white marble altar of Elyvilon.
  6467 | D:3      | Found a shattered altar of Ashenzari.
  6468 | D:3      | Found an opulent altar of Gozag.
  6469 | D:3      | Found a burning altar of Makhleb.
  6482 | D:3      | Became a worshipper of Vehumet
  6713 | D:3      | Killed Natasha
  6801 | D:3      | Found a blossoming altar of Fedhas.
  6803 | D:3      | Found a sacrificial altar of Ru.
  6805 | D:3      | Found a radiant altar of Vehumet.
  6807 | D:3      | Found a white marble altar of Elyvilon.
  6808 | D:3      | Found a shimmering altar of Xom.
  6809 | D:3      | Found an opulent altar of Gozag.
  6810 | D:3      | Found a shattered altar of Ashenzari.
  6812 | D:3      | Found a burning altar of Makhleb.
  6846 | D:3      | Noticed Natasha
  6853 | D:3      | Killed Natasha
  7036 | D:3      | Killed Grinder
  7036 | D:3      | Reached skill level 5 in Conjurations
  7036 | D:3      | Reached skill level 5 in Charms
  7319 | D:3      | Found a blossoming altar of Fedhas.
  7321 | D:3      | Found a sacrificial altar of Ru.
  7323 | D:3      | Found a radiant altar of Vehumet.
  7325 | D:3      | Found a white marble altar of Elyvilon.
  7326 | D:3      | Found a shimmering altar of Xom.
  7327 | D:3      | Found an opulent altar of Gozag.
  7328 | D:3      | Found a shattered altar of Ashenzari.
  7330 | D:3      | Found a burning altar of Makhleb.
  7568 | D:4      | Noticed Xiguana's ghost (amateur VSWz)
  7579 | D:4      | Killed Xiguana's ghost
  7579 | D:4      | Reached XP level 8. HP: 41/41 MP: 4/24
  8070 | D:4      | Reached * piety under Vehumet
  8070 | D:4      | Offered knowledge of Sandblast by Vehumet.
  8793 | D:5      | Entered Level 5 of the Dungeon
  9011 | D:5      | Noticed Eustachio
  9014 | D:5      | Killed Eustachio
  9180 | D:5      | Noticed Blork the orc
  9186 | D:5      | Killed Blork the orc
  9358 | D:5      | Found a bloodstained altar of Trog.
  9576 | D:5      | Reached XP level 9. HP: 21/45 MP: 11/25
 10069 | D:6      | Reached ** piety under Vehumet
 10072 | D:6      | Offered knowledge of Flame Tongue by Vehumet.
 10173 | D:6      | Found a bloodstained altar of Trog.
 10278 | D:6      | Found a staircase to the Ecumenical Temple.
 11278 | D:6      | Noticed Duvessa
 11284 | D:6      | Killed Duvessa
 11285 | D:6      | Noticed Dowan
 11286 | D:6      | Killed Dowan
 11479 | D:6      | Found Plog's Book Boutique.
 11796 | D:6      | Found a bloodstained altar of Trog.
 11838 | D:6      | Found a staircase to the Ecumenical Temple.
 11911 | D:6      | Reached skill level 10 in Charms
 12841 | D:7      | Noticed Prince Ribbit
 12853 | D:7      | Killed Prince Ribbit
 12853 | D:7      | Reached skill level 10 in Conjurations
 12969 | D:7      | Found an ancient bone altar of Kikubaaqudgha.
 12973 | D:7      | Offered knowledge of Inner Flame by Vehumet.
 13238 | D:7      | Found a shimmering altar of Xom.
 13239 | D:7      | Noticed an oklob plant
 13909 | D:7      | Found an ancient bone altar of Kikubaaqudgha.
 14174 | D:7      | Reached skill level 5 in Dodging
 14199 | D:7      | Found a shimmering altar of Xom.
 14225 | D:7      | Reached XP level 10. HP: 50/50 MP: 20/26
 14498 | D:7      | Killed an oklob plant
 14921 | D:8      | Reached *** piety under Vehumet
 15137 | D:8      | Found a shadowy altar of Dithmenos.
 15746 | D:8      | Offered knowledge of Static Discharge by Vehumet.
 15989 | D:8      | Found a shadowy altar of Dithmenos.
 17009 | D:9      | Reached skill level 10 in Dodging
 17496 | D:9      | Found a stormy altar of Qazlal.
 17740 | D:10     | Entered Level 10 of the Dungeon
 17761 | D:10     | Noticed Urug
 17771 | D:10     | Killed Urug
 17910 | D:10     | Noticed a hill giant
 17916 | D:10     | Killed a hill giant
 17916 | D:10     | Reached XP level 11. HP: 54/54 MP: 18/28
 17940 | D:10     | Noticed a hill giant
 17945 | D:10     | Killed a hill giant
 18027 | D:10     | Found a staircase to the Lair.
 18036 | D:10     | Reached **** piety under Vehumet
 18210 | D:10     | Found Maerehog's Weapon Emporium.
 18287 | D:10     | Offered knowledge of Irradiate by Vehumet.
 18344 | D:10     | Learned a level 3 spell: Regeneration
 18841 | D:10     | Noticed Psyche
 18844 | D:10     | Killed Psyche
 18889 | D:10     | Found Maerehog's Weapon Emporium.
 18911 | D:10     | Found a staircase to the Lair.
 19411 | Lair:1   | Entered Level 1 of the Lair of Beasts
 19692 | Lair:1   | Learned a level 3 spell: Mephitic Cloud
 19726 | Lair:1   | Noticed Xiguana's ghost (journeyman VSWz)
 19727 | Lair:1   | Reached skill level 15 in Spellcasting
 19860 | D:10     | Identified a scroll of acquirement
 19860 | D:10     | Identified Bidenow's Reference Book on the Destructive Snowflakes (You acquired it on level 10 of the Dungeon)
 19869 | D:10     | Learned a level 6 spell: Iron Shot
 19878 | Lair:1   | Killed Xiguana's ghost
 20210 | Lair:1   | Gained mutation: You have large cloven feet. [potion of beneficial mutation]
 20523 | Lair:1   | Reached skill level 5 in Earth Magic
 20817 | Lair:2   | Noticed Gastronok
 20984 | Lair:2   | Killed Gastronok
 20984 | Lair:2   | Reached XP level 12. HP: 49/59 MP: 16/34
 21113 | Lair:2   | Noticed Erica
 21116 | Lair:2   | Killed Erica
 21312 | Lair:2   | Reached ***** piety under Vehumet
 21602 | Lair:2   | Found a staircase to the Swamp.
 21897 | Lair:2   | Offered knowledge of Fireball by Vehumet.
 21904 | Lair:2   | Learned a level 5 spell: Fireball
 21997 | Lair:2   | Reached skill level 1 in Fire Magic
 22204 | Lair:3   | Found a labyrinth entrance.
 22214 | Lair:3   | Reached skill level 2 in Fire Magic
 22215 | Lair:3   | Noticed a catoblepas
 22350 | Lab      | Entered a labyrinth
 22389 | Lab      | Reached skill level 3 in Fire Magic
 23118 | Lab      | Noticed a minotaur
 23121 | Lab      | Killed a minotaur
 23121 | Lab      | Reached skill level 4 in Fire Magic
 23127 | Lab      | Got a jewelled scale mail
 23140 | Lab      | Identified the cursed +1 scale mail of This Worked Last Time {rF+ Str+2} (You found it in a labyrinth)
 23304 | Lair:3   | Reached skill level 5 in Fire Magic
 23436 | Lair:3   | Got an ancient scale mail
 23605 | Lair:3   | Reached skill level 6 in Fire Magic
 23735 | Lair:3   | Reached skill level 7 in Fire Magic
 25127 | Lair:4   | Found a hole to the Spider Nest.
 25127 | Lair:4   | Found a frozen archway.
 25129 | Lair:4   | Reached skill level 8 in Fire Magic
 25222 | IceCv    | Entered an ice cave
 25274 | IceCv    | Reached skill level 9 in Fire Magic
 25590 | IceCv    | Reached XP level 13. HP: 63/63 MP: 22/35
 25849 | IceCv    | Reached skill level 10 in Fire Magic
 26101 | IceCv    | Noticed a frost giant
 26109 | IceCv    | Killed a frost giant
 26109 | IceCv    | Reached skill level 11 in Fire Magic
 26788 | Lair:4   | Identified the cursed +0 scale mail of Agis {Int+2 Stlth+} (You found it on level 3 of the Lair of Beasts)
 28413 | Lair:6   | Entered Level 6 of the Lair of Beasts
 28510 | Lair:6   | Found a dark tunnel.
 28536 | Volcano  | Entered a volcano
 28740 | Volcano  | Reached skill level 12 in Fire Magic
 29079 | Volcano  | Noticed a fire dragon
 29080 | Volcano  | Killed a fire dragon
 29785 | Lair:6   | Offered knowledge of Lightning Bolt by Vehumet.
 29787 | Lair:6   | Reached XP level 14. HP: 68/68 MP: 18/36
 30012 | Lair:6   | Found a staircase to the Slime Pits.
 30852 | Lair:6   | Reached skill level 13 in Fire Magic
 31480 | Lair:6   | Got a creamy pearl robe
 31491 | Lair:6   | Identified the cursed +1 robe "Kiulufuc" {rN+ Str+4} (You found it on level 6 of the Lair of Beasts)
 32068 | Lair:1   | Learned a level 6 spell: Freezing Cloud
 32176 | D:11     | Reached skill level 1 in Fighting
 32268 | D:11     | Noticed Josephine
 32271 | D:11     | Killed Josephine
 32312 | D:11     | Noticed Maurice
 32313 | D:11     | Killed Maurice
 32433 | D:11     | Noticed tidbits's ghost (novice HESk)
 32438 | D:11     | Killed tidbits's ghost
 33037 | D:12     | Found Baqydoh's Gadget Shop.
 33165 | D:12     | Found Him Ycow's Assorted Antiques.
 33293 | D:12     | Offered knowledge of Bolt of Cold by Vehumet.
 33301 | D:12     | Learned a level 6 spell: Bolt of Cold
 33502 | D:12     | Found a staircase to the Orcish Mines.
 33532 | D:12     | Reached skill level 5 in Fighting
 34014 | D:12     | Found Yri Lu Lae's Distillery.
 34020 | D:12     | Bought a potion of heal wounds for 80 gold pieces
 34020 | D:12     | Bought a potion of haste for 160 gold pieces
 34117 | D:12     | Noticed Kirke
 34118 | D:12     | Killed Kirke
 34124 | D:12     | Found Asut's Magic Scroll Shoppe.
 34138 | D:12     | Bought a scroll of blinking for 112 gold pieces
 34138 | D:12     | Bought a scroll of blinking for 112 gold pieces
 34279 | Orc:1    | Entered Level 1 of the Orcish Mines
 34548 | Orc:1    | Offered knowledge of Bolt of Magma by Vehumet.
 34548 | Orc:1    | Reached skill level 14 in Fire Magic
 34554 | Orc:1    | Reached XP level 15. HP: 82/82 MP: 19/37
 34981 | Orc:1    | Got a slimy lajatang
 34992 | Orc:1    | Identified the +8 lajatang of the Depths {pain, Dex+3} (You found it on level 1 of the Orcish Mines)
 35710 | Orc:1    | Found a roughly hewn altar of Beogh.
 36152 | Orc:2    | Entered Level 2 of the Orcish Mines
 36152 | Orc:2    | Noticed Donald
 36321 | Orc:1    | Killed Donald
 36690 | Orc:2    | Found a staircase to the Elven Halls.
 36959 | Orc:2    | Reached skill level 15 in Fire Magic
 37154 | Orc:2    | Reached ****** piety under Vehumet
 37275 | Orc:2    | Reached XP level 16. HP: 92/92 MP: 30/38
 38287 | Orc:2    | Found Anwiag's Antique Armour Emporium.
 38287 | Orc:2    | Found Okejav's Antique Weapon Emporium.
 38310 | Orc:2    | Found Sisosico's General Store.
 38310 | Orc:2    | Found Luzir's Book Shoppe.
 38537 | Orc:2    | Bought a book of Enchantments for 600 gold pieces
 38544 | Orc:2    | Learned a level 6 spell: Deflect Missiles
 38786 | D:13     | Offered knowledge of Ozocubu's Refrigeration by Vehumet.
 38802 | D:13     | Reached skill level 1 in Air Magic
 39095 | D:13     | Reached skill level 16 in Fire Magic
 39293 | D:13     | Found a gate to the Vaults.
 40420 | D:14     | Reached skill level 17 in Fire Magic
 40421 | D:14     | Reached XP level 17. HP: 96/96 MP: 16/39
 41338 | D:14     | Offered knowledge of Conjure Ball Lightning by Vehumet.
 41648 | D:15     | Entered Level 15 of the Dungeon
 41784 | D:15     | Found an iron altar of Okawaru.
 42074 | D:15     | Reached skill level 15 in Conjurations
 42303 | D:15     | Identified the Volume of Glacial Ignition
 42573 | D:15     | Found a staircase to the Depths.
 43262 | Depths:1 | Entered Level 1 of the Depths
 43416 | Depths:1 | You fall through a shaft!
 43489 | Depths:2 | Found a flickering gateway to a bazaar.
 43501 | Bazaar   | Entered a bazaar
 43549 | Bazaar   | Found Soes's Distillery.
 43578 | Bazaar   | Found Quorchana's Distillery.
 43599 | Bazaar   | Found Qucs's Gadget Shoppe.
 43622 | Bazaar   | Found Ejityh's Gadget Shoppe.
 43674 | Bazaar   | Bought a potion of heal wounds for 30 gold pieces
 43674 | Bazaar   | Bought a potion of beneficial mutation for 210 gold pieces
 43679 | Bazaar   | Gained mutation: Your muscles are strong. (Str +2) [potion of beneficial mutation]
 43795 | Depths:2 | Offered knowledge of Spellforged Servitor by Vehumet.
 44036 | Depths:1 | Paralysed by a vampire knight for 6 turns
 44041 | Depths:1 | HP: 3/96 [vampire knight/long sword of slicing (13)]
 44041 | Depths:1 | Mangled by a vampire knight

Skill      XL: |  1  2  3  4  5  6  7  8  9 10 11 12 13 14 15 16 17 |
---------------+----------------------------------------------------+-----
Spellcasting   | 4 5 8 10 11 16 | 16.9
Charms         | 2 6 8 10 | 10.6
Conjurations   | 5 8 10 11 13 14 16 | 16.5
Dodging        | 5 10 12 13 | 13.0
Earth Magic    | 5 |  5.0
Fire Magic     | 9 12 14 15 17 | 17.5
Fighting       | 5 7 |  7.5
Air Magic      | 3 |  3.5
Stealth        | |  2.4

Action                   |  1- 3 |  4- 6 |  7- 9 | 10-12 | 13-15 | 16-18 || total
-------------------------+-------+-------+-------+-------+-------+-------++-------
Melee: Dagger            |    19 |     5 |    14 |       |       |       ||    38
       Staff             |       |       |       |    20 |     1 |     1 ||    22
 Cast: Magic Dart        |    83 |   148 |   278 |   339 |   290 |   124 ||  1262
       Dazzling Spray    |       |    18 |    22 |    49 |    32 |    19 ||   140
       Iskenderun's Batt |       |       |    27 |    88 |   109 |    76 ||   300
       Iron Shot         |       |       |       |    26 |    56 |    14 ||    96
       Mephitic Cloud    |       |       |       |     2 |       |       ||     2
       Regeneration      |       |       |       |     1 |     1 |       ||     2
       Fireball          |       |       |       |    23 |   174 |   148 ||   345
       Bolt of Cold      |       |       |       |       |       |    11 ||    11
       Deflect Missiles  |       |       |       |       |       |     1 ||     1
  Use: Potion            |     3 |     1 |       |     4 |     4 |     3 ||    15
       Scroll            |     2 |     3 |    14 |    12 |    12 |     4 ||    47
  Eat: Chunk             |     4 |    11 |    36 |    47 |    28 |    10 ||   136
       Beef jerky        |       |     1 |       |       |     1 |       ||     2
       Bread ration      |       |       |     1 |       |     1 |     2 ||     4
       Royal jelly       |       |       |       |       |       |     1 ||     1
Armor: Robe              |     3 |     8 |    23 |    20 |     5 |     6 ||    65
Dodge: Dodged            |    24 |    22 |    37 |   145 |    60 |    32 ||   320
       Deflected         |       |       |       |       |       |    10 ||    10
